 Dungeon Crawl Stone Soup version 0.28-a0-863-g8cecda6153 (webtiles) character file.

Game seed: 11451798777107218869

6408 AvatarAndi78 the Carver (level 10, -26/75 (88) HPs)
             Began as a Minotaur Berserker on Nov 18, 2021.
             Was a Priest of Trog.
             Annihilated by a two-headed ogre (28 damage)
             ... on level 9 of the Dungeon.
             The game lasted 00:13:52 (9217 turns).

AvatarAndi78 the Carver (Minotaur Berserker)        Turns: 9217, Time: 00:13:53

HP:   -26/75 (88)   AC: 15    Str: 23    XL:     10   Next: 66%
MP:   10/10         EV:  8    Int:  4    God:    Trog [***...]
Gold: 601           SH:  6    Dex: 12    Spells: 9/9 levels left

rFire   . . .      SeeInvis +   r - +4 short sword
rCold   . . .      Faith    .   n - +2 buckler
rNeg    . . .      Spirit   .   p - +0 plate armour
rPois   .          Reflect  .   t - +0 hat
rElec   .          Harm     .   (no cloak)
rCorr   .          Rampage  .   (no gloves)
Will    ++...                   m - +0 pair of boots
Stlth   ..........              (no amulet)
HPRegen 1.22/turn               c - ring of see invisible
MPRegen 0.12/turn               f - +4 ring of slaying

@: strong-willed, regenerating, heavily drained
A: horns 2, retaliatory headbutt
a: Renounce Religion, Berserk, Trog's Hand


You were on level 9 of the Dungeon.
You worshipped Trog.
Trog was most pleased with you.
You visited 1 branch of the dungeon, and saw 9 of its levels.

You collected 601 gold pieces.

Inventory:

Hand Weapons
 q - a +0 long sword
 r - a +4 short sword (weapon)
 v - a +2 glaive of flaming
Armour
 m - a +0 pair of boots (worn)
 n - a +2 buckler (worn)
 p - a +0 plate armour (worn)
 t - a +0 hat (worn)
 w - +0 swamp dragon scales
Jewellery
 c - a ring of see invisible (left hand)
 f - a +4 ring of slaying (right hand)
 u - a ring of protection from cold
Wands
 a - a wand of mindburst (10)
 o - a wand of iceblast (15)
 s - a wand of flame (17)
Scrolls
 e - 2 scrolls of enchant armour
 i - 2 scrolls of identify
 l - a scroll of amnesia {unknown}
 x - a scroll of teleportation {unknown}
Potions
 b - a potion of ambrosia {unknown}
 d - 2 potions of curing
 g - 2 potions of flight
 h - 4 potions of magic
 j - a potion of haste {unknown}
 k - a potion of heal wounds {unknown}
 z - a potion of might {unknown}


   Skills:
 + Level 7.9 Fighting
 + Level 2.3(6.2) Short Blades
 + Level 9.9(10.0) Long Blades
 + Level 7.4(8.6) Axes
 + Level 2.6(5.7) Maces & Flails
 + Level 6.1(8.0) Polearms
 + Level 2.6(5.1) Staves
 + Level 2.3(2.9) Slings
 + Level 2.3 Bows
 + Level 2.3 Crossbows
 + Level 2.1(2.6) Throwing
 + Level 9.2 Armour
 + Level 4.1 Dodging
 + Level 2.6 Stealth
 + Level 2.7 Shields
 + Level 2.3 Unarmed Combat
 + Level 2.1 Invocations
 + Level 1.9 Evocations


You had 9 spell levels left.
You didn't know any spells.
Your spell library was empty.

Dungeon Overview and Level Annotations

Branches:
Dungeon (9/15)             Temple (0/1) D:6
   Lair: D:8-11         Orc: D:9-12

Altars:
Dithmenos
Elyvilon
Hepliaklqana
Okawaru
Qazlal
Sif Muna
Wu Jian
Xom
The Shining One

Annotations:
D:6 2 runed translucent doors, bgiannan's ghost, novice GrFi


Innate Abilities, Weirdness & Mutations

You have a pair of horns on your head.
You reflexively headbutt those who attack you in melee.


Message History

The two-headed ogre is moderately wounded.
The two-headed ogre hits you with a +0 giant spiked club!
The two-headed ogre closely misses you.
You puncture the two-headed ogre! You headbutt the two-headed ogre.
The two-headed ogre is heavily wounded.
You hit the two-headed ogre.
The two-headed ogre is heavily wounded.
The two-headed ogre hits you with a +0 giant spiked club!
You block the two-headed ogre's attack.
You hit the two-headed ogre.
The two-headed ogre is heavily wounded.
You completely miss the two-headed ogre.
You headbutt the two-headed ogre.
The two-headed ogre is severely wounded.
The two-headed ogre hits you with a +0 giant spiked club!
The two-headed ogre hits you with a +0 giant club!
You are too injured to fight recklessly!
You are too injured to fight recklessly!
You puncture the two-headed ogre! You headbutt the two-headed ogre.
The two-headed ogre is almost dead.
The two-headed ogre hits you but does no damage.
You block the two-headed ogre's attack.
You hit the two-headed ogre but do no damage.
The two-headed ogre is almost dead.
Your plate armour prevents you from hitting the two-headed ogre.
The two-headed ogre is almost dead.
The two-headed ogre hits you with a +0 giant spiked club!
* * * LOW HITPOINT WARNING * * *
The two-headed ogre closely misses you.
You hit the two-headed ogre.
The two-headed ogre is almost dead.
You block the two-headed ogre's attack.
The two-headed ogre hits you with a +0 giant club!
* * * LOW HITPOINT WARNING * * *
You barely miss the two-headed ogre.
The two-headed ogre is almost dead.
You closely miss the two-headed ogre.
The two-headed ogre is almost dead.
The two-headed ogre hits you with a +0 giant spiked club!!
You die...

#.# #.# #..# #.# #.#
..#..# #.# #.# #.#..#
#.# #.# #.#..# #.#
#.# #.#..# #.# #.#
#.#..# #.# #.# #.#..#
#.########.# #O#..#
...........#####@#..#
############........#
....###.#.## .#
...#... .....#####
#.#..#.# # ##....
..#.# .. #.


You could see a two-headed ogre.

Vanquished Creatures
  A two-headed ogre (D:8)
  Maggie (D:6)
  Psyche (D:8)
  Sigmund (D:6)
  Edmund (D:6)
  2 water moccasins (D:8)
  3 orc warriors
  3 ice beasts
  2 sky beasts (D:7)
  A black bear (D:6)
  An ogre (D:7)
  A kobold brigand (D:6)
  Blork the orc (D:4)
  3 scorpions
  A wyvern skeleton (D:7)
  A water moccasin zombie (D:5)
  9 killer bees
  8 wights
  3 howler monkeys
  A centaur zombie (D:8)
  2 jellies
  2 orc priests (D:8)
  2 bullfrog zombies (D:6)
  2 hounds
  2 centaur skeletons
  Ijyb (D:5)
  2 iguanas
  10 orc wizards
  3 hound skeletons
  A howler monkey zombie (D:6)
  7 adders
  A shadow imp (D:6)
  A worm (D:4)
  2 dart slugs
  22 orcs
  4 ball pythons
  4 endoplasms
  2 giant cockroaches
  6 goblins
  6 hobgoblins
  4 jackals (D:4)
  3 quokkas
  3 bats
  4 frilled lizards
  7 kobolds
  4 rats
152 creatures vanquished.

Notes
Turn   | Place    | Note
-------+----------+-------------------------------------------
     0 | D:1      | AvatarAndi78 the Minotaur Berserker began the quest for the
                  | Orb.
     0 | D:1      | Reached XP level 1. HP: 19/19 MP: 0/0
   330 | D:1      | Reached XP level 2. HP: 27/27 MP: 1/1
  1093 | D:2      | Found a faded altar of an unknown god.
  1170 | D:2      | Reached XP level 3. HP: 7/33 MP: 2/2
  2303 | D:3      | Reached ** piety under Trog
  2528 | D:3      | Reached XP level 4. HP: 32/41 MP: 3/3
  3252 | D:4      | Reached skill level 5 in Axes
  3473 | D:4      | Noticed a scorpion
  3483 | D:4      | Killed a scorpion
  3484 | D:4      | Reached XP level 5. HP: 39/47 MP: 4/4
  3944 | D:4      | Noticed Blork the orc
  3958 | D:4      | Reached skill level 5 in Fighting
  3962 | D:4      | Killed Blork the orc
  3963 | D:4      | Reached XP level 6. HP: 34/56 MP: 5/5
  4195 | D:5      | Entered Level 5 of the Dungeon
  4210 | D:5      | Reached skill level 1 in Long Blades
  4278 | D:5      | Noticed an ice beast
  4283 | D:5      | Killed an ice beast
  4382 | D:5      | Found a white marble altar of Elyvilon.
  4382 | D:5      | Found an iron altar of Okawaru.
  4382 | D:5      | Found a hazy altar of Hepliaklqana.
  4389 | D:5      | Found a shimmering blue altar of Sif Muna.
  4392 | D:5      | Found an ornate altar of the Wu Jian Council.
  4400 | D:5      | Found a shimmering altar of Xom.
  4403 | D:5      | Found a shadowy altar of Dithmenos.
  4404 | D:5      | Found a glowing golden altar of the Shining One.
  4512 | D:5      | Reached XP level 7. HP: 61/61 MP: 6/6
  4935 | D:5      | Noticed Ijyb
  4945 | D:5      | Killed Ijyb
  4946 | D:5      | Reached skill level 5 in Armour
  5275 | D:6      | Noticed Edmund
  5293 | D:6      | Killed Edmund
  5294 | D:6      | Reached skill level 5 in Long Blades
  5296 | D:6      | Reached skill level 1 in Stealth
  5296 | D:6      | Reached XP level 8. HP: 70/70 MP: 7/7
  5479 | D:6      | Noticed Sigmund
  5485 | D:6      | Killed Sigmund
  5747 | D:6      | Found a large runed translucent door.
  5747 | D:6      | Found a large runed translucent door.
  5751 | D:6      | Noticed bgiannan's ghost (novice GrFi)
  5775 | D:6      | Found a staircase to the Ecumenical Temple.
  5780 | D:6      | Noticed Maggie
  5786 | D:6      | HP: 4/105 [Maggie (3)]
  5787 | D:6      | Killed Maggie
  6307 | D:6      | Reached skill level 1 in Evocations
  6307 | D:6      | Reached XP level 9. HP: 79/79 MP: 7/9
  6748 | D:7      | Reached XP level 10. HP: 77/86 MP: 10/10
  7632 | D:8      | Noticed a two-headed ogre
  7635 | D:8      | Reached skill level 5 in Polearms
  7641 | D:8      | Killed a two-headed ogre
  7866 | D:8      | Found a stormy altar of Qazlal.
  7888 | D:8      | Reached *** piety under Trog
  8126 | D:8      | Noticed Psyche
  8133 | D:8      | Killed Psyche
  8741 | D:9      | HP: 3/75 [wight (3)]
  9201 | D:9      | Noticed a two-headed ogre
  9215 | D:9      | HP: 1/75 [two-headed ogre (11)]
  9217 | D:9      | Annihilated by a two-headed ogre

Illustrated notes

Levels and vault maps discovered:
D:1:      dpeg_arrival_water_fire, layout_basic, lemuel_another_geyser
D:2:      layout_rooms, hellmonk_ecumenical_altar_blasted
D:3:      layout_basic, minmay_misc_feat_x
D:4:      layout_basic, uniq_blork_the_orc
D:5:      layout_basic, nicolae_overflow_hallway_of_the_gods,
          kennysheep_generic_room_8, uniq_ijyb
D:6:      layout_loops_ring, minmay_temple_entry_hall,
          ebering_ghost_disaster_area, uniq_sigmund, uniq_edmund, uniq_maggie
D:7:      layout_loops_corners, grunt_decor_one_mirror
D:8:      layout_basic, amcnicky_altar_gilded, uniq_psyche
D:9:      gammafunk_corrupted_shrine, layout_basic,
          kennysheep_orc_monster_closet_entryway, minmay_between

Skill      XL: |  1  2  3  4  5  6  7  8  9 10 |
---------------+-------------------------------+-----
Axes           | 4 5 6 7 |  7.4
Fighting       | 4 5 7 |  7.9
Armour         | 3 4 5 8 9 |  9.2
Dodging        | 3 4 |  4.1
Long Blades    | 2 5 9 |  9.9
Stealth        | 1 2 |  2.6
Short Blades   | 2 |  2.3
Maces & Flails | 2 |  2.6
Polearms       | 3 4 6 |  6.1
Staves         | 2 |  2.6
Slings         | 2 |  2.3
Bows           | 2 |  2.3
Crossbows      | 2 |  2.3
Throwing       | 2 |  2.1
Shields        | 2 |  2.7
Unarmed Combat | 2 |  2.3
Invocations    | 2 |  2.1
Evocations     | 1 |  1.9

Action                   |  1- 3 |  4- 6 |  7- 9 | 10-12 || total
-------------------------+-------+-------+-------+-------++-------
Melee: Hand axe          |    87 |    39 |       |       ||   126
       Headbutt          |     9 |    18 |    19 |    31 ||    77
       Long sword        |       |    27 |    77 |    72 ||   176
       Glaive            |       |       |    14 |    46 ||    60
       Short sword       |       |       |       |    14 ||    14
Invok: Berserk           |     1 |     1 |     3 |     1 ||     6
       Trog's Hand       |       |     1 |     1 |     6 ||     8
  Use: Potion            |       |       |     7 |       ||     7
       Scroll            |       |       |     4 |       ||     4
Armor: Animal skin       |    15 |       |       |       ||    15
       Scale mail        |     9 |     2 |       |       ||    11
       Plate armour      |       |    46 |    54 |    58 ||   158
Dodge: Dodged            |    57 |    32 |    24 |    50 ||   163
Block: Buckler           |       |       |       |    29 ||    29

Table legend: (Time is in decaauts)
 A = Elapsed time spent in this place.
 B = Non-inter-level travel time spent in this place.
 C = Inter-level travel time spent in this place.
 D = Time resting spent in this place.
 E = Time spent auto-exploring this place.
 F = Levels seen in this place.
 G = Mean time per level.
                   A        B        C        D        E       F      G
               +--------+--------+--------+--------+--------+-----+--------+
         Total |   9319 |   8823 |    496 |      0 |   7789 |   9 | 1035.4 |
       Dungeon |   9319 |   8823 |    496 |      0 |   7789 |   9 | 1035.4 |
               +--------+--------+--------+--------+--------+-----+--------+

Top non-repeatable levels by time:
     D:8: 1300 daAuts
     D:6: 1179 daAuts
     D:4: 1154 daAuts
     D:2: 1086 daAuts
     D:1: 1056 daAuts
     D:5: 1041 daAuts
     D:7: 990 daAuts
     D:3: 933 daAuts
     D:9: 577 daAuts
